AoeStats
← Doctor

Black Forest

509445088Analyzed
2v2 RM · 4d ago on Sep 26, 2026· 46m 54s· 4 players
Game mode
Random Map
Map size
Medium (4 player)
Population
200
Speed
Normal
Resources
Standard
Victory
Conquest
Starting age
Dark Age
Ending age
Imperial Age
RankedLock teamsTeams togetherTeam positionsShared explorationLock speedFull tech treeHidden civsTurbo modeCheats
Victory
Defeat
🇭🇺 Franks · Hungary
745
+12
🇸🇪 Bohemians · Sweden
711
+14
🇵🇱 Celts · Poland
667
-13
🇵🇱 Britons · Poland
660
-13
jenjak
0:28 Loom
16:50 Feudal Age
17:22 Double-Bit Axe
19:12 Man-at-Arms
24:50 Castle Age
23:16 Scale Mail Armor
23:37 Horse Collar
23:57 Fletching
25:07 Pikeman
26:35 Town Watch
28:47 Bodkin Arrow
30:04 Forging
30:07 Murder Holes
31:14 Chemistry
30:32 Elite Skirmisher
31:33 Fortified Wall
39:32 Imperial Age
39:26 Wheelbarrow
40:05 Chain Mail Armor
40:02 Masonry
40:30 Wheelbarrow
suvdan.77
2:12 Loom
13:18 Feudal Age
17:46 Castle Age
29:21 Gold Mining
29:22 Stone Mining
29:22 Double-Bit Axe
32:09 Bow Saw
32:43 Gold Shaft Mining
35:45 Imperial Age
33:40 Pikeman
34:21 Squires
34:07 Gambesons
33:48 Man-at-Arms
35:44 Forging
35:34 Scale Mail Armor
35:39 Scale Barding Armor
35:26 Fletching
35:38 Padded Archer Armor
36:37 Chain Mail Armor
37:00 Wheelbarrow
35:49 Long Swordsman
35:53 Cavalier
36:34 Husbandry
37:05 Caravan
37:47 Iron Casting
37:33 Chain Barding Armor
37:09 Bodkin Arrow
36:58 Two-Handed Swordsman
38:46 Chemistry
38:26 Hand Cart
37:56 Paladin
38:06 Champion
41:12 Blast Furnace
40:42 Plate Mail Armor
40:51 Plate Barding Armor
40:31 Leather Archer Armor
41:47 Conscription
belarusaczka
0:30 Loom
15:47 Feudal Age
16:54 Horse Collar
17:05 Double-Bit Axe
17:28 Gold Mining
17:29 Stone Mining
19:36 Wheelbarrow
21:34 Fletching
24:47 Castle Age
23:59 Scale Mail Armor
24:05 Scale Barding Armor
25:52 Caravan
26:24 Heavy Plow
26:45 Bow Saw
27:20 Husbandry
26:42 Light Cavalry
28:51 Gold Shaft Mining
28:35 Bodkin Arrow
30:24 Murder Holes
30:50 Ballistics
30:42 Fortified Wall
31:51 Masonry
35:19 Imperial Age
33:57 Padded Archer Armor
34:08 Forging
34:16 Chain Mail Armor
34:29 Chain Barding Armor
35:25 Hand Cart
34:56 Town Watch
36:47 Warwolf
37:17 Cavalier
38:31 Plate Mail Armor
38:02 Bracer
38:19 Leather Archer Armor
38:24 Guilds
41:45 Yeomen
44:50 Elite Longbowman
47:06 Chemistry
Doctor
0:41 Loom
14:07 Feudal Age
16:30 Horse Collar
17:44 Wheelbarrow
16:58 Double-Bit Axe
23:44 Castle Age
22:03 Stone Mining
22:07 Gold Mining
22:43 Fletching
24:57 Heavy Plow
25:16 Bow Saw
26:55 Bodkin Arrow
29:06 Murder Holes
34:02 Imperial Age
32:36 Arson
34:46 Stone Shaft Mining
34:48 Gold Shaft Mining
36:40 Hand Cart
38:59 Caravan
39:06 Onager
40:50 Conscription
42:56 Elite Woad Raider
Connection lost

Rejoining the realm…

Still unreachable

The connection could not be restored.

Session expired

The server has moved on; the page needs a fresh start.